Unix NetHack Version 3.7.0-66 Work-in-progress - last build Nov 25 2022 02:21:47 (a67c8fbd212c6e9cfe3af09653023564b5ba1bad,branch:master). Game began 2022-12-02 13:21:57, ended 2022-12-03 13:01:58. Buffalo, neutral male human Tourist ------ ------- --....--- -.....---- |.......| .........| -- --......| ........---.-- --- --- |......| .............--- |..---- --.-- --...).| --- --..............| -....| |...| |....-- ------..--...............| --...-----...| --...| ........................| |.....|.....| --..-- -....^.............- ---......-....--- ---..-- |......).^....` |............%..| --.f@-- ---.---.[..).-- |....---.----...----..--- -- |.....---- | |...----.| ---.)|(.--- |.)............| --.-- |..| --.%.-- ----...` ......- --- |.-- ----- ..... -- -.- ..-.... .. .. ...- .. .---... -- -- -..| --- Buffalo the Excursionist St:11 Dx:12 Co:18 In:14 Wi:7 Ch:18 Neutral S:2832 Dlvl:8 $:1722 HP:60(63) Pw:20(20) AC:-6 Xp:6/432 T:4897 Latest messages: What do you want to take off? [ntVXZ or ?*] Z The large cat bites the dwarf zombie. The dwarf zombie is destroyed! You finish taking off your helm. What do you want to wear? [AZ or ?*] A You finish your dressing maneuver. What do you want to drop? [$a-dfgik-npqs-vxACDGK-QS-VX-Z or ?*] Z You drop a +0 hard hat. What do you want to wear? [*] ? What do you want to wear? [*] Never mind. What do you want to take off? [ntAVX or ?*] ? You finish taking off your shoes. What do you want to wear? [dt or ?*] d You finish your dressing maneuver. What do you want to drop? [$a-dfgik-npqs-vxACDGK-QS-VXY or ?*] t You drop an uncursed +0 pair of hard shoes. Really save? [yn] (n) y Saving... Restoring save file... Aloha Buffalo, the human Tourist, welcome back to NetHack! Really quit? [yn] (n) y Do you want your possessions identified? [ynq] (y) q Inventory: Coins $ - 1722 gold pieces Amulets q - an uncursed amulet of unchanging (being worn) Weapons C - 24 +2 darts (at the ready) a - a +5 elven spear named +5 (weapon in hand) Armor A - a blessed +1 dwarvish iron helm (being worn) n - an uncursed +0 pair of leather gloves (being worn) d - an uncursed +0 pair of iron shoes (being worn) X - an uncursed +0 small shield (being worn) V - an uncursed +0 dwarvish cloak (being worn) m - an uncursed +0 Hawaiian shirt with a ukulele motif named pray219 pR (being worn) M - an uncursed +0 dwarvish mithril-coat (being worn) Comestibles T - an uncursed apple g - an uncursed banana L - an uncursed candy bar labeled "Berry Bar" b - an uncursed food ration c - an uncursed fortune cookie f - 2 uncursed lembas wafers x - 2 uncursed pears Scrolls S - an uncursed scroll of enchant weapon N - a cursed scroll of enchant weapon Potions i - an uncursed potion of extra healing Rings v - an uncursed ring of free action Wands K - a wand of teleportation (0:6) Tools O - an uncursed blindfold k - an uncursed credit card l - an expensive camera (0:53) u - an uncursed leash (attached to the large cat) s - an uncursed oil lamp Q - an uncursed tallow candle P - an uncursed towel Gems/Stones Y - 2 uncursed fluorite stones U - an uncursed jade stone D - an uncursed obsidian stone p - an uncursed worthless piece of violet glass G - an uncursed worthless piece of yellow glass Buffalo the Tourist's attributes: Background: You were an Excursionist, a level 6 male human Tourist. You were neutral, on a mission for The Lady who was opposed by Blind Io (lawful) and Offler (chaotic). You were in the Gnomish Mines, on level 8. You entered the dungeon 4897 turns ago. You had 432 experience points, 208 more were needed to attain level 7. Your score was 2832 before end-of-game adjustments. Basics: You had 60 out of 63 hit points. You had all 20 energy points (spell power). Your armor class was -6. Your wallet contained 1722 zorkmids. Autopickup was on for '$"?!=/' plus thrown. Final Characteristics: Your strength was 11 (limit:18/100). Your dexterity was 12 (limit:18). Your constitution was 18 (limit:18). Your intelligence was 14 (limit:18). Your wisdom was 7 (limit:18). Your charisma was 18 (limit:18). Final Status: You were not hungry. You were unencumbered. You were wielding a spear. You had basic skill with spear. Final Attributes: You were piously aligned. You were poison resistant. You were telepathic. You had a small defense bonus (+3). You were guarded. You could not change from your current form. You survived. Miscellaneous: You never encountered a bones level. Total elapsed playing time was 41 minutes and 45 seconds. Major events: Turn 1: Buffalo the neutral male human Tourist entered the dungeon 1276: entered the Gnomish Mines 2085: attained the rank of Sightseer (level 3) 4000: reached Mine Town 4145: attained the rank of Excursionist (level 6) 4897: quit Vanquished creatures: 3 watchmen 2 leprechauns a fire ant a rock mole a pony a yellow light 3 shriekers 6 gnome leaders a gnomish wizard a red naga hatchling 3 elf zombies a giant ant 2 floating eyes a kitten 8 dwarves a homunculus a kobold shaman a hill orc 2 rothes a rabid rat a giant bat 3 dwarf zombies a wererat 3 iguanas a gas spore 2 hobbits 4 manes a large kobold 2 hobgoblins 8 giant rats 2 yellow molds 26 gnomes a garter snake 2 geckos 3 jackals a fox a kobold 2 goblins 4 sewer rats 4 grid bugs 4 lichens a kobold zombie 9 newts 127 creatures vanquished. No species were genocided or became extinct. Voluntary challenges: You read items or engraved 6 times. You never engraved Elbereth. You never genocided any monsters. You never polymorphed an object. You never changed form. You used no wishes. Achievements: You entered a shop. You entered the Gnomish Mines. You attained the rank of Sightseer. You entered Minetown. You entered a temple. You attained the rank of Excursionist. The Dungeons of Doom: levels 1 to 6 Level 1: A fountain. Level 2: "shop" A weapon shop. Level 3: A general store, a grave. Level 4: "vault" An altar to The Lady, some fountains. Stairs down to The Gnomish Mines. Level 5: A general store, a fountain. Level 6: "oracle" Many fountains. The Gnomish Mines: levels 5 to 8 Level 5: Level 6: Level 7: Many shops, a temple, some fountains, some trees. Level 8: <- You were here. Aloha Buffalo the Tourist... You quit in The Gnomish Mines on dungeon level 8 with 2832 points, and 1722 pieces of gold, after 4897 moves. You were level 6 with a maximum of 63 hit points when you quit.